 Dungeon Crawl Stone Soup version 0.17.1-1-g73c8601 (webtiles) character file.

55067 Arkorax the Martial Artist (level 14, -4/125 HPs)
             Began as a Minotaur Monk on Dec 20, 2015.
             Was an Elder of Zin.
             Slain by a slime creature (10 damage)
             ... on level 6 of the Pits of Slime.
             The game lasted 00:48:59 (25904 turns).

Arkorax the Martial Artist (Minotaur Monk)         Turns: 25904, Time: 00:49:00

Health: -4/125     AC: 22    Str: 22    XL:     14   Next: 36%
Magic:  15/19      EV:  9    Int: 10    God:    Zin [****..]
Gold:   1086       SH:  0    Dex: 21    Spells: 3 memorised, 4 levels left

rFire  + . .     SeeInvis .       - Unarmed
rCold  + . .     Clarity  .     D - +3 plate armour
rNeg   . . .     SustAt   .     (no shield)
rPois  +         Gourm    .     (helmet restricted)
rElec  +         Spirit   .     l - +1 cloak
rCorr  +         Warding  .     F - +0 pair of gloves
rMut   .         Stasis   .     (no boots)
MR     +....                    C - amulet of resist corrosion
Stlth  ..........               o - +3 ring of intelligence
                                B - +4 ring of dexterity

@: mighty, short of breath, resistant (expiring), very slightly contaminated,
somewhat resistant to hostile enchantments, extremely unstealthy
A: retaliatory headbutt, horns 2
a: Recite, Vitalisation, Imprison, Donate Gold, Renounce Religion


You were on level 6 of the Pits of Slime.
You worshipped Zin.
Zin was greatly pleased with you.
You were not hungry.

You visited 4 branches of the dungeon, and saw 26 of its levels.
You also visited: Sewer and Bailey.

You collected 1520 gold pieces.
You spent 270 gold pieces at shops.
You donated 164 gold pieces to Zin.

Inventory:

Hand Weapons
 i - a +0 demon trident
 S - a +2 shortbow of freezing
Missiles
 E - 3 throwing nets (quivered)
 G - 293 arrows
Armour
 l - a +1 cloak (worn)
 D - a +3 plate armour (worn)
 F - a +0 pair of gloves (worn)
 V - a +0 shield
Jewellery
 d - an uncursed ring of wizardry {unknown}
 o - a +3 ring of intelligence (right hand)
 w - an uncursed ring of protection from magic {unknown}
 x - a +3 ring of strength {unknown}
 B - a +4 ring of dexterity (left hand)
 C - an amulet of resist corrosion (around neck)
Wands
 a - a wand of invisibility (1)
 v - a wand of digging (10)
 y - a wand of digging (15)
 A - a wand of fireball (4)
 H - a wand of hasting (4)
 R - a wand of digging (12)
 X - a wand of digging (4)
Scrolls
 e - a scroll of silence
 g - 8 scrolls of amnesia
 h - a scroll of recharging
 m - 3 scrolls of magic mapping
 r - 7 scrolls of remove curse
 N - 5 scrolls of enchant armour
 O - 3 scrolls of teleportation
 W - a scroll of identify
Potions
 j - 2 potions of degeneration
 p - a potion of haste
 z - a potion of lignification
 J - 5 potions of poison
 M - 2 potions of cancellation
 Q - 4 potions of flight
 Y - a potion of might
 Z - 3 potions of brilliance
Books
 u - a book of Dreams

   Spells                             Type                      Level
   a - Ensorcelled Hibernation        Hexes/Ice                    2
   b - Phase Shift                    Translocation                5
   c - Shadow Creatures               Summoning                    5
   d - Silence                        Hexes/Air                    5
   e - Darkness                       Hexes                        6
   f - Mass Confusion                 Hexes                        6
Comestibles
 b - 2 bread rations
 c - a meat ration
 n - 3 slices of pizza
 t - 5 fruits
 P - 5 beef jerkies


   Skills:
 - Level 11.9 Fighting
   Level 2.3 Slings
 - Level 12.3 Armour
 - Level 3.2 Dodging
 - Level 1.5 Stealth
 + Level 12.8 Shields
 - Level 13.0 Unarmed Combat
 - Level 5.6 Hexes
 - Level 6.0 Air Magic
 + Level 8.4 Invocations


You had 4 spell levels left.
You knew the following spells:

 Your Spells              Type           Power        Failure   Level  Hunger
a - Silence               Hex/Air        ##........   100%        5    ######.
b - Repel Missiles        Chrm/Air       #.....       99%         2    ###....
c - Swiftness             Chrm/Air       #.......     99%         2    ###....


Dungeon Overview and Level Annotations

Branches:
Dungeon (11/15)            Temple (1/1) D:6            Lair (8/8) D:11
 Shoals (0/4) Lair:5        Snake (0/4) Lair:6        Slime (6/6) Lair:6
    Orc (0/4) D:9

Altars:
Ashenzari
Cheibriados
Dithmenos
Elyvilon
Fedhas
Kikubaaqudgha
Makhleb
Nemelex Xobeh
Qazlal
Ru
Vehumet
Xom
Yredelemnul
Zin
The Shining One

Shops:
D:5 (   D:9 }(}

Portals:
Hell: Lair:8

Annotations:
Lair:1 exclusion: oklob plant
Lair:3 Josephine
Slime:1 AncientHorror's ghost, master MfTm
Slime:3 Donald


Innate Abilities, Weirdness & Mutations

You reflexively headbutt those who attack you in melee.
You have a pair of horns on your head.


Message History

The slime creature is moderately wounded.
You punch the slime creature! You headbutt the slime creature!!
The slime creature is almost dead.
The slime creature closely misses you.
You punch the slime creature!
You kill the slime creature!
You pummel the slime creature!!
Your headbutt misses the slime creature.
The slime creature is moderately wounded.
You hit the slime creature. You headbutt the slime creature!
The slime creature is heavily wounded.
You start to feel less resistant.
The slime creature hits you but does no damage. x2
You punch the slime creature! x2
The slime creature is almost dead.
The slime creature barely misses you. You furiously retaliate!
You headbutt the slime creature!!
You kill the slime creature!
The slime creature hits you!
You die...

G...........
...............#.#
..................
..................##
#....... ........#.
...... .........##
..........#
..........##
.......@...#
......J....#
...........#
...........#
...........#
............
...........##
..........##


You could see a slime creature.

Vanquished Creatures
  A dire elephant (Lair:8)
  A yaktaur captain (D:11)
  Fannar (D:11)
  10 hydras
  3 death yaks
  Urug (Lair:4)
  A sun demon (Lair:8)
  Nergalle (D:10)
  The ghost of Mandevil the Basher, a novice OgAM of Okawaru (D:7)
  A fire crab (Lair:8)
  2 ugly things (D:11)
  Pikel (D:4)
  2 hill giants (D:11)
  A wizard (Lair:8)
  A griffon (Lair:4)
  8 elephants
  2 sirens (Lair:5)
  5 black mambas
  A smoke demon (Lair:8)
  Psyche (D:11)
  3 orange demons (Lair:8)
  A gargoyle (D:11)
  11 spiny frogs
  5 komodo dragons
  3 red devils (Lair:8)
  A yaktaur (D:11)
  A hellwing (Lair:8)
  3 blue devils (Lair:8)
  5 fire drakes
  7 blink frogs
  3 slime creatures
  Sigmund (D:2)
  A shadow (D:11)
  3 hogs (D:11)
  A trapdoor spider (D:11)
  3 basilisks
  23 yaks
  3 wyverns
  Grum (D:8)
  8 hippogriffs
  A steam dragon (Lair:5)
  2 deep elf fighters (D:11)
  A human (D:11)
  8 wolves
  A deep elf mage (D:11)
  13 water moccasins
  4 nagas (Lair:6)
  A hungry ghost (D:10)
  A vampire mosquito (D:11)
  A slave (D:4)
  5 orc warriors
  4 sky beasts
  A hell hound (Lair:8)
  A phantom (D:11)
  3 ice beasts
  10 porcupines
  8 ogres
  A black bear (D:7)
  14 centaurs
  2 big kobolds
  25 crocodiles
  3 necrophages
  4 gnoll sergeants
  19 giant frogs
  A wyvern skeleton (D:10)
  A scorpion (D:6)
  7 killer bees
  An electric eel (Lair:1)
  3 quasits
  2 crimson imps
  26 jellies
  A giant frog zombie (D:7)
  13 orc wizards
  3 giant frog skeletons
  6 hounds
  8 orc priests
  8 worker ants
  Terence (D:3)
  A gnoll shaman (D:5)
  8 iguanas
  37 sheep
  A hound zombie (D:10)
  A hound skeleton (D:11)
  21 gnolls
  Robin (D:2)
  3 worker ant zombies
  17 adders
  59 river rats
  8 shadow imps
  25 oozes
  2 adder skeletons
  3 worms
  21 giant geckos
  53 orcs
  22 giant cockroaches
  26 hobgoblins
  6 jackals (D:3)
  5 quokkas
  9 ball pythons
  10 bats
  A giant gecko skeleton (D:4)
  15 giant newts
  36 goblins
  2 jackal skeletons
  16 kobolds
  A quokka skeleton (D:6)
  10 rats
766 creatures vanquished.

Vanquished Creatures (others)
  2 slaves (D:4)
  An eye of draining (D:11)
  A hound (D:4)
  2 orc wizards
  A giant frog skeleton (D:4)
  A gnoll (D:4)
  3 orcs (D:4)
  6 goblins (D:4)
  4 hobgoblins (D:4)
  28 fungi
  12 plants
61 creatures vanquished.

Grand Total: 827 creatures vanquished

Notes
Turn   | Place    | Note
--------------------------------------------------------------
     0 | D:1      | Arkorax the Minotaur Monk began the quest for the Orb.
     0 | D:1      | Reached XP level 1. HP: 19/19 MP: 0/0
   306 | D:1      | Reached XP level 2. HP: 24/27 MP: 1/1
   669 | D:2      | Noticed Robin
   687 | D:2      | Reached XP level 3. HP: 30/34 MP: 2/2
   704 | D:2      | Killed Robin
   704 | D:2      | Reached skill level 5 in Unarmed Combat
   930 | D:2      | Noticed Sigmund
   940 | D:2      | Killed Sigmund
   940 | D:2      | Reached skill level 5 in Fighting
   940 | D:2      | Reached XP level 4. HP: 41/44 MP: 3/3
   940 | D:2      | Reached XP level 5. HP: 46/50 MP: 4/4
  1129 | D:2      | Reached skill level 6 in Fighting
  1129 | D:2      | Reached XP level 6. HP: 53/57 MP: 5/5
  1402 | D:3      | Found a radiant altar of Vehumet.
  1578 | D:3      | Found a glowing drain.
  1597 | D:3      | Noticed Terence
  1601 | Sewer    | Entered a sewer
  1929 | Sewer    | Reached XP level 7. HP: 45/64 MP: 6/6
  1982 | D:3      | Killed Terence
  2454 | D:4      | Reached skill level 7 in Unarmed Combat
  2658 | D:4      | Noticed Pikel
  2689 | D:4      | Killed Pikel
  2689 | D:4      | Reached skill level 5 in Armour
  2689 | D:4      | Reached XP level 8. HP: 66/74 MP: 7/7
  2866 | D:4      | Reached skill level 8 in Fighting
  3965 | D:5      | Entered Level 5 of the Dungeon
  3998 | D:5      | Reached skill level 1 in Slings
  4405 | D:5      | Found Goeph's Antique Weapon Shop.
  4434 | D:5      | Bought a pitted morningstar for 270 gold pieces
  4434 | D:5      | Identified the cursed +0 morningstar "Unerusch" {elec, rPois Str+2 SInv} (You bought it in a shop on level 5 of the Dungeon)
  4636 | D:5      | Reached skill level 9 in Fighting
  4840 | D:6      | Reached XP level 9. HP: 67/83 MP: 8/8
  4970 | D:6      | Found a staircase to the Ecumenical Temple.
  5019 | Temple   | Entered the Ecumenical Temple
  5032 | Temple   | Became a worshipper of Zin the Law-Giver
  5032 | Temple   | Reached * piety under Zin
  5032 | Temple   | Reached ** piety under Zin
  5043 | Temple   | Donated 39 gold pieces to Zin
  5330 | D:6      | Found a shadowy altar of Dithmenos.
  5331 | D:6      | Found a blossoming altar of Fedhas.
  5795 | D:7      | Noticed Mandevil's ghost (novice OgAM)
  5820 | D:7      | Killed Mandevil's ghost
  5820 | D:7      | Reached skill level 10 in Fighting
  6426 | D:7      | Reached skill level 10 in Unarmed Combat
  6438 | D:7      | Found a stormy altar of Qazlal.
  6711 | D:7      | Reached *** piety under Zin
  7038 | D:8      | Noticed Grum
  7054 | D:8      | Reached XP level 10. HP: 84/94 MP: 9/9
  7071 | D:8      | Killed Grum
  7089 | D:8      | Found a shimmering altar of Xom.
  7589 | D:9      | Reached skill level 11 in Fighting
  7639 | D:9      | Found Hehoosi's Gadget Shoppe.
  7696 | D:9      | Found Uboggepn's Gadget Shoppe.
  7932 | D:9      | Found a staircase to the Orcish Mines.
  8433 | D:9      | Reached **** piety under Zin
  8759 | D:9      | Found Panajug's Weapon Emporium.
  8770 | D:9      | Reached skill level 10 in Armour
  8816 | D:10     | Entered Level 10 of the Dungeon
  8816 | D:10     | Found a flagged portal.
  8832 | Bailey   | Entered a bailey
  9406 | D:10     | Reached skill level 1 in Shields
  9430 | D:10     | Noticed Nergalle
  9960 | D:10     | Killed Nergalle
 10750 | D:11     | Reached XP level 11. HP: 65/103 MP: 10/10
 10914 | D:11     | Noticed a green ugly thing
 10929 | D:11     | Killed a green ugly thing
 10946 | D:11     | Found a staircase to the Lair.
 11245 | D:11     | Noticed Fannar
 11248 | D:11     | Noticed an eight-headed hydra
 11253 | D:11     | Noticed a six-headed hydra
 11300 | D:11     | Killed an eight-headed hydra
 11300 | D:11     | Reached skill level 12 in Unarmed Combat
 11370 | D:11     | HP: 2/103 [Fannar/quarterstaff of freezing (6)]
 11377 | D:11     | Killed Fannar
 11377 | D:11     | Reached skill level 5 in Shields
 11829 | D:11     | Noticed a hill giant
 11836 | D:11     | Killed a hill giant
 12261 | D:11     | Killed a six-headed hydra
 12274 | D:11     | Found a runed door.
 12351 | D:11     | Noticed Psyche
 12361 | D:11     | Killed Psyche
 12447 | D:11     | Noticed a hill giant
 12465 | D:11     | Killed a hill giant
 12868 | D:11     | Noticed a red ugly thing
 12874 | D:11     | Killed a red ugly thing
 12888 | D:11     | Noticed a yaktaur captain
 12906 | D:11     | Killed a yaktaur captain
 13177 | D:11     | Reached ***** piety under Zin
 13211 | D:11     | Reached skill level 13 in Unarmed Combat
 13223 | D:11     | Reached XP level 12. HP: 71/112 MP: 11/11
 13501 | D:11     | Learned a level 5 spell: Silence
 13562 | Lair:1   | Entered Level 1 of the Lair of Beasts
 13590 | Lair:1   | Noticed a four-headed hydra
 13591 | Lair:1   | Noticed a five-headed hydra
 13598 | Lair:1   | Killed a four-headed hydra
 13598 | Lair:1   | Reached skill level 1 in Hexes
 13598 | Lair:1   | Reached skill level 1 in Air Magic
 13611 | Lair:1   | Killed a five-headed hydra
 14407 | Lair:1   | Got a fine steam dragon armour
 14418 | Lair:1   | Identified the +1 steam dragon armour of Moim {Str+4 Int+2 Dex+3} (You found it on level 1 of the Lair of Beasts)
 16176 | Lair:3   | Reached ****** piety under Zin
 16253 | Lair:3   | Got a garnet-encrusted leather armour
 16264 | Lair:3   | Identified the +0 leather armour of Noteph {rElec Str+4 Int-3 Stlth+} (You found it on level 3 of the Lair of Beasts)
 16736 | Lair:3   | Reached skill level 1 in Invocations
 16979 | Lair:4   | Noticed Josephine
 17557 | Lair:4   | Noticed Urug
 17584 | Lair:4   | Killed Urug
 17970 | Lair:4   | Noticed a five-headed hydra
 17977 | Lair:4   | Killed a five-headed hydra
 18086 | Lair:4   | Reached XP level 13. HP: 113/117 MP: 13/13
 18523 | Lair:5   | Found a staircase to the Shoals.
 18622 | Lair:5   | Reached skill level 5 in Air Magic
 18672 | Lair:5   | Found a radiant altar of Vehumet.
 19400 | Lair:6   | Found a staircase to the Snake Pit.
 19733 | Lair:6   | Found a staircase to the Slime Pits.
 19736 | Lair:6   | Reached skill level 10 in Shields
 19744 | Lair:6   | Reached skill level 5 in Hexes
 20090 | Lair:7   | Learned a level 2 spell: Repel Missiles
 20093 | Lair:7   | Learned a level 2 spell: Swiftness
 21581 | Slime:1  | Entered Level 1 of the Pits of Slime
 21581 | Slime:1  | Noticed AncientHorror's ghost (master MfTm)
 21625 | Lair:6   | Reached skill level 5 in Invocations
 22205 | Lair:8   | Entered Level 8 of the Lair of Beasts
 23520 | Lair:8   | Reached XP level 14. HP: 43/125 MP: 17/17
 24751 | Lair:8   | Found a burning altar of Makhleb.
 25130 | Lair:8   | Found a gateway to Hell.
 25250 | Lair:8   | Noticed a dire elephant
 25284 | Lair:8   | Killed a dire elephant
 25805 | Slime:3  | Noticed Donald
 25805 | Slime:3  | Noticed an acid blob
 25819 | Slime:4  | Noticed an acid blob
 25854 | Slime:5  | Noticed an azure jelly
 25856 | Slime:5  | HP: 6/125 [acid (3)]
 25867 | Slime:6  | Entered Level 6 of the Pits of Slime
 25876 | Slime:6  | Paralysed by a great orb of eyes for 2 turns
 25886 | Slime:6  | Noticed an acid blob
 25886 | Slime:6  | HP: 1/125 [disintegration (20)]
 25891 | Slime:6  | Noticed an acid blob
 25892 | Slime:6  | Noticed an acid blob
 25892 | Slime:6  | Noticed an azure jelly
 25904 | Slime:6  | Slain by a slime creature

Action                   |  1- 3 |  4- 6 |  7- 9 | 10-12 | 13-15 || total
-------------------------+-------+-------+-------+-------+-------++-------
Melee: Unarmed           |    99 |   301 |   446 |  1004 |   968 ||  2818
 Fire: Greatsling        |       |       |    41 |       |       ||    41
Invok: Donate Gold       |       |       |     1 |       |       ||     1
       Vitalisation      |       |       |       |     1 |       ||     1
       Sanctuary         |       |       |       |       |     3 ||     3
       Recite            |       |       |       |       |     2 ||     2
Evoke: Wand              |       |       |       |     5 |     5 ||    10
  Use: Scroll            |     2 |       |    12 |    19 |    11 ||    44
       Potion            |       |       |       |     5 |    18 ||    23
 Stab: Sleeping          |     2 |       |       |     2 |       ||     4
       Invisible         |       |       |       |    10 |       ||    10
       Distracted        |       |       |       |     2 |       ||     2
  Eat: Beef jerky        |       |     1 |     2 |       |       ||     3
       Chunk             |       |     3 |     4 |     2 |     2 ||    11
       Bread ration      |       |       |     2 |     6 |     1 ||     9
       Meat ration       |       |       |       |     2 |     2 ||     4
       Pizza             |       |       |       |     2 |     6 ||     8
       Royal jelly       |       |       |       |       |     1 ||     1
